 Dungeon Crawl Stone Soup version 0.30-a0-1103-g25895a7845 (webtiles) character file.

Game seed: 10376394404914318104

35 ytrimaz the Shield-Bearer (level 3, -3/29 HPs)
             Began as a Barachi Fighter on Apr 18, 2023.
             Slain by an orc
             ... wielding a +0 whip
              (5 damage)
             ... on level 3 of the Dungeon.
             The game lasted 00:01:40 (941 turns).

ytrimaz the Shield-Bearer (Barachi Fighter)          Turns: 941, Time: 00:01:41

Health: -3/29      AC:  8    Str: 19    XL:     3   Next: 33%
Magic:  3/3        EV:  9    Int:  8    God:
Gold:   97         SH:  4    Dex: 11    Spells: 2/2 levels left

rFire   . . .      SeeInvis .    a - +1 war axe
rCold   . . .      Faith    .    c - +0 buckler
rNeg    + . .      Spirit   .    b - +0 scale mail
rPois   .          Reflect  .    (no helmet)
rElec   .          Rampage  .    m - +0 cloak
rCorr   .                        (no gloves)
Will    .....                    (no boots) Stlth
                                 (no amulet)
HPRegen 0.24/turn                j - ring of positive energy
MPRegen 0.08/turn                (no ring)

@: slow
A: amphibious, slowness 1, strong legs 1, +LOS
a: Hop


You were on level 3 of the Dungeon.
You visited 1 branch of the dungeon, and saw 3 of its levels.

You collected 97 gold pieces.


Innate Abilities, Weirdness & Mutations

You are amphibious.
You cover ground slowly.
You can hop short distances.
You have an extended range of vision and can be seen from far away.


   Skills:
 - Level 3.6 Fighting
 + Level 3.4 Axes
 - Level 3.6 Armour
 - Level 4.0 Shields


You had 2 spell levels left.
You didn't know any spells.
Your spell library contained the following spells:

 Spells                   Type           Power      Damage    Failure   Level
 Apportation              Tloc           0%         N/A       86%         1
 Necrotise                Necr           0%         1d4       86%         1
 Sandblast                Erth           0%         2d4       86%         1
 Summon Small Mammal      Summ           0%         N/A       86%         1
 Passwall                 Tmut/Erth      0%         N/A       94%         2
 Stone Arrow              Conj/Erth      0%         3d7       99%         3

Inventory:

Hand Weapons
 a - a +1 war axe (weapon)
Armour
 b - a +0 scale mail (worn)
 c - a +0 buckler (worn)
 m - a +0 cloak (worn)
   (You found it on level 2 of the Dungeon)
Jewellery
 j - a ring of positive energy (left hand)
   (You found it on level 1 of the Dungeon)
Scrolls
 e - a scroll of teleportation
 f - 2 scrolls of identify {unknown}
 l - a scroll of immolation
Potions
 d - a potion of might
 k - a potion of mutation {unknown}
 n - a potion of lignification {unknown}

Dungeon Overview and Level Annotations

Branches:
Dungeon (3/15) Zot: 16876

Altars:

Shops:
D:1

*??![ #...#
### #.⌠.# ...#
####...###.>.#
............
8........#
......!.#
#.......###
#†o).....$.
###o@......8.
#............
#.<.###...###
#...# ⌠.#
##### .# #


You could see 2 orcs.


Message History

No target in view!
No target in view!
No target in view!
You see here a +0 club.
You now have 84 gold pieces (gained 10).
You now have 97 gold pieces (gained 13).
Done exploring.
Done exploring.
An adder comes into view.
You can't go down here!
Unknown command.
The adder hisses angrily.
You block the adder's attack. The adder bites you but does no damage.
You closely miss the adder. You block the adder's attack.
The adder bites you. 😕 HP[-2]
You take 2 damage, and now have 22/24 hp.
You barely miss the adder.
The adder closely misses you. 😕 HP[+1] Unknown command.
You barely miss the adder. The adder bites you but does no damage.
The adder closely misses you.
You slash the adder! The adder barely misses you.
The adder bites you but does no damage.
You miss the adder. The adder bites you.
The adder bites you but does no damage.
You hit the adder but do no damage. The adder bites you.
You are poisoned.
The adder poisons you! The adder barely misses you. 😕 HP[-2]
You take 2 damage, and now have 21/24 hp.
You slash the adder!
You kill the adder!
You feel sick.
Your Axes skill increases to level 3!
You have reached level 3!
Your experience leads to an increase in your attributes!
Increase (S)trength, (I)ntelligence, or (D)exterity?
You feel stronger. x2 😕 HP[+2] MP[+1]
You now have 29 max hp (+5).
You regained 2 hp, and now have 23/29 hp.
Your mp is fully restored (3).
You feel sick.
You feel sick.
You are no longer poisoned.
Done exploring. 😎 HP[+6]
Your hp is fully restored (29).
Done exploring.
Done exploring.
You see here an adder corpse.
There is a stone staircase leading down here.
You climb downwards.
The frilled lizard hisses angrily.
The orc shouts!
You hear a shout!
Found a fuming white potion.
Found a stone staircase leading down.
There is a stone staircase leading up here.
Unknown command.
There are monsters nearby!
There are monsters nearby!
An orc comes into view. It is wielding a +0 mace.
The orc shouts!
The frilled lizard hisses.
You closely miss the orc.
The orc hits you with a +0 hand axe. 😕 HP[-3]
You take 3 damage, and now have 26/29 hp.
You hit the orc but do no damage. You hit the orc. You miss the frilled lizard.
The orc misses you. The orc closely misses you.
The frilled lizard bites you but does no damage.
The orc barely misses you. The frilled lizard barely misses you.
You slash the orc!
You kill the orc!
You barely miss the frilled lizard. You hit the orc but do no damage.
The orc hits you with a +0 whip.
The frilled lizard bites you but does no damage.
You hit the orc. You hit the kobold.
You kill the kobold!
You hit the frilled lizard. You hit the orc. The orc closely misses you.
The orc hits you with a +0 mace.
The frilled lizard barely misses you. 😕 HP[-3]
You take 3 damage, and now have 23/29 hp.
You completely miss the orc. x2; You hit the frilled lizard.
You kill the frilled lizard!
The orc hits you with a +0 whip. The orc hits you with a +0 mace.
The orc hits you with a +0 whip.
* * * LOW HITPOINT WARNING * * *
The orc hits you with a +0 mace.
* * * LOW HITPOINT WARNING * * *
😱 HP[-17]
You take 17 damage, and now have 6/29 hp.
MASSIVE DAMAGE!! (PAUSE)
You are too injured to fight recklessly!
You hit the orc. x2; The orc hits you with a +0 mace.
* * * LOW HITPOINT WARNING * * *
You block the orc's attack. 😱 HP[-5]
You take 5 damage, and now have 1/29 hp.
You are too injured to fight recklessly!
You completely miss the orc. You barely miss the orc.
The orc hits you with a +0 whip.
You die...

Skill      XL: |  1  2 |
---------------+-------+-----
Shields        | 4 |  4.0
Axes           | 3 |  3.4
Fighting       | |  3.6
Armour         | |  3.6

Action                     || total
---------------------------++-------
  Melee: War axe           ||    75
Ability: Hop               ||     1
    Use: Scroll            ||     6
 Armour: Scale mail        ||    46
  Dodge: Dodged            ||    44
  Block: Buckler           ||    16

Levels and vault maps discovered:
D:1:      lemuel_arrival_lava_pool, layout_basic, serial_shops,
          nicolae_shop_industrial_runoff, shop,
          nicolae_shop_pleasant_corner_grove,
          nicolae_shop_temple_entry_statues_fountains, shop,
          basic_ecumenical_altar, minmay_misc_feat_columns
D:2:      layout_rooms, minmay_pentomino_z4
D:3:      layout_basic, nicolae_elevator_lobby_asterisk

Notes
Turn   | Place    | Note
-------+----------+-------------------------------------------
     0 | D:1      | ytrimaz the Barachi Fighter began the quest for the Orb.
     0 | D:1      | Reached XP level 1. HP: 18/18 MP: 1/1
     0 | D:1      | magus.rc [v1.9.6]
   126 | D:1      | Found a faded altar of an unknown god.
   140 | D:1      | Found Bahusif's Distillery.
   166 | D:1      | Found Badwaer's Magic Scroll Emporium.
   194 | D:1      | Found Xuys's Magic Scroll Boutique.
   195 | D:1      | Found Mukyckeeblu's General Store.
   315 | D:1      | Reached XP level 2. HP: 24/24 MP: 2/2
   378 | D:1      | Found Xanocur's Antique Armour Emporium.
   553 | D:2      | Reached skill level 4 in Shields
   555 | D:2      | You pick up a book of Geomancy and begin reading...
   555 | D:2      | You add the spells Sandblast, Passwall and Stone Arrow to
                  | your library.
   700 | D:2      | You pick up a book of Cantrips and begin reading...
   700 | D:2      | You add the spells Necrotise, Summon Small Mammal and
                  | Apportation to your library.
   891 | D:2      | Reached skill level 3 in Axes
   891 | D:2      | Reached XP level 3. HP: 23/29 MP: 3/3
   939 | D:3      | HP: 6/29 [orc/+0 mace (6)]
   940 | D:3      | HP: 1/29 [orc/+0 mace (5)]
   941 | D:3      | Slain by an orc

Vanquished Creatures
  An adder (D:2)
  A dart slug (D:2)
  An orc (D:3)
  3 giant cockroaches
  A goblin (D:2)
  2 hobgoblins
  2 quokkas
  4 ball pythons
  2 bats
  2 frilled lizards
  A kobold (D:3)
  4 rats
24 creatures vanquished.

Table legend:
 A = Non-vault XP
 B = Vault XP
 C = Vault XP percentage of total XP
 D = Non-vault monster count
 E = Vault monster count
 F = Vault count percentage of total count
                 A         B        C        D         E       F
            +---------+---------+-------+---------+---------+-------
      Total |      47 |       3 |   6.0 |      22 |       2 |   8.3
            +---------+---------+-------+---------+---------+-------
        D:1 |      14 |       0 |   0.0 |      10 |       0 |   0.0
        D:2 |      28 |       3 |   9.7 |       9 |       2 |  18.2
        D:3 |       5 |       0 |   0.0 |       3 |       0 |   0.0
            +---------+---------+-------+---------+---------+-------

Illustrated notes

Table legend:
 A = Kills in this place as a percentage of kills in the entire game.
 B = Kills by you in this place as a percentage of kills by you in the entire game.
 C = Kills by friends in this place as a percentage of kills by friends in the entire game.
 D = Other kills in this place as a percentage of other kills in the entire game.
 E = Experience gained in this place as a percentage of experience gained in the entire game.
 F = Experience gained in this place divided by the number of levels of this place that you have seen.
                   A       B       C       D       E      F
               +-------+-------+-------+-------+-------+----------------------
         Total | 100.0 | 100.0 |   N/A |   N/A | 100.0 |  16.7
       Dungeon | 100.0 | 100.0 |   N/A |   N/A | 100.0 |  16.7
               +-------+-------+-------+-------+-------+----------------------

Table legend: (Time is in decaauts)
 A = Elapsed time spent in this place.
 B = Non-inter-level travel time spent in this place.
 C = Inter-level travel time spent in this place.
 D = Time resting spent in this place.
 E = Time spent auto-exploring this place.
 F = Levels seen in this place.
 G = Mean time per level.
                   A        B        C        D        E       F      G
               +--------+--------+--------+--------+--------+-----+--------+
         Total |   1122 |   1089 |     33 |      0 |    816 |   3 |  374.0 |
       Dungeon |   1122 |   1089 |     33 |      0 |    816 |   3 |  374.0 |
               +--------+--------+--------+--------+--------+-----+--------+

Top non-repeatable levels by time:
     D:2: 589 daAuts
     D:1: 521 daAuts
     D:3: 11 daAuts
